 Dungeon Sprint DCSS version 0.31-a0-325-g067879e3d3 (webtiles) character file.

Game seed: 3128123712543570693

543 dialectric the Unseen (level 7, -3/55 HPs)
             Began as a Spriggan Brigand on July 18, 2023.
             Slain by a red devil
             ... wielding a +0 trident
             ... summoned by a kobold demonologist
              (15 damage)
             ... in the Dungeon (Sprint I: "Red Sonja").
             The game lasted 00:00:29 (60 turns).

dialectric the Unseen (Spriggan Brigand)              Turns: 60, Time: 00:00:29

Health: -3/55      AC:  3    Str:  7    XL:     7   Next: 6%
Magic:  8/8        EV: 18    Int: 13    God:
Gold:   216        SH:  0    Dex: 18    Spells: 6/6 levels left

rFire   . . .        a - +2 dagger
rCold   . . .        (no shield)
rNeg    . . .        b - +0 robe
rPois   .            (helmet restricted)
rElec   .            c - +0 cloak
rCorr   .            (gloves unavailable)
SInv    +            (boots unavailable)
Will    +....        (no amulet) Stlth
                     (no ring)
HPRegen 0.29/turn    (no ring)
MPRegen 0.11/turn

%: no teleportation
@: berserking, spiked, very quick
A: very small, no large weapons, unfitting armour, see invisible, speed 3
a: no special abilities


You were in the Dungeon.
You visited 1 branch You collected 216 gold pieces.

Inventory:

Hand Weapons
 a - a +2 dagger (weapon)
Missiles
 d - 9 poisoned darts (quivered)
 e - 3 curare-tipped darts
Armour
 b - a +0 robe (worn)
 c - a +0 cloak (worn)
Wands
 l - a wand of polymorph (7)
Scrolls
 k - a scroll of blinking
Potions
 f - a potion of curing
 g - a potion of heal wounds
 h - a potion of haste
 i - 2 potions of magic


   Skills:
 + Level 3.9 Fighting
 + Level 5.4 Short Blades
 - Level 3.2 Throwing
 + Level 3.1 Dodging
 + Level 20.4 Stealth


You had 6 spell levels left.
You didn't know any spells.
Your spell library was empty.

Dungeon Overview and Level Annotations

Branches:
Dungeon (1/1)

Altars:
Makhleb
Xom
Jiyva
Lugonu


Innate Abilities, Weirdness & Mutations

You are very small and have problems with some larger weapons.
You are too small for most types of armour.
You have supernaturally acute eyesight. (SInv)
You cover ground extremely quickly. (Speed+++)


Message History

The kobold demonologist is lightly wounded.
The kobold demonologist closely misses you.
The red devil completely misses you.
Unknown command.
You barely miss the kobold demonologist.
The kobold demonologist is lightly wounded.
The white imp gestures at you. The puff of frost misses you.
The puff of frost hits the red devil!
The red devil is frozen!
You puncture the kobold demonologist!
The kobold demonologist is moderately wounded.
The kobold demonologist looks satisfied for a moment.
The red devil barely misses you.
You hit the kobold demonologist.
The kobold demonologist is heavily wounded.
The white imp closely misses you.
You miss the kobold demonologist.
The kobold demonologist is heavily wounded.
The kobold demonologist hits you but does no damage.
The red devil hits you with a +0 trident!!
Barbed spikes become lodged in your body.
You puncture the kobold demonologist!
The kobold demonologist is severely wounded.
The white imp gestures at you. The puff of frost hits you!
You barely miss the kobold demonologist.
The kobold demonologist is severely wounded.
The kobold demonologist mumbles some strange words.
The red devil closely misses you.
You closely miss the kobold demonologist.
The kobold demonologist is severely wounded.
The white imp gestures at you. The puff of frost hits you!
* * * LOW HITPOINT WARNING * * *
Unknown command.
You puncture the kobold demonologist!
The kobold demonologist is almost dead.
The kobold demonologist mumbles some strange words.
The red devil hits you with a +0 trident!
You die...

#####################
)'..#.)'..#__#.4@5K.#
.#.)'..#..'..'..#K5.#
###+#####+#__####.4.+
#### ####


You could see 2 kobold demonologists, a chaos spawn (summoned), a red devil
(summoned), a white imp (summoned) and an ufetubus (summoned).

Vanquished Creatures
  A slime creature (D)
  Sigmund (D)
  A floating eye (D)
  An ogre (D)
  Ijyb (D)
5 creatures vanquished.

Notes
Turn   | Place    | Note
-------+----------+-------------------------------------------
     0 | D        | dialectric the Spriggan Brigand began the quest for the
                  | Orb.
     0 | D        | Reached XP level 1. HP: 10/10 MP: 2/2
     2 | D        | Noticed Ijyb
     4 | D        | Killed Ijyb
     5 | D        | Reached skill level 9 in Stealth
     5 | D        | Reached XP level 2. HP: 15/15 MP: 3/3
     9 | D        | Noticed an ogre
    11 | D        | Killed an ogre
    12 | D        | Reached skill level 13 in Stealth
    12 | D        | Reached XP level 3. HP: 19/19 MP: 4/4
    12 | D        | Reached XP level 4. HP: 23/23 MP: 5/5
    14 | D        | Noticed Sigmund
    16 | D        | Killed Sigmund
    17 | D        | Reached skill level 17 in Stealth
    17 | D        | Reached XP level 5. HP: 28/28 MP: 6/6
    17 | D        | Reached XP level 6. HP: 32/32 MP: 7/7
    29 | D        | Found a burning altar of Makhleb.
    29 | D        | Found a shimmering altar of Xom.
    29 | D        | Noticed a slime creature
    30 | D        | Found a viscous altar of Jiyva.
    30 | D        | Found a corrupted altar of Lugonu.
    32 | D        | Killed a slime creature
    33 | D        | Reached skill level 5 in Short Blades
    33 | D        | Reached skill level 19 in Stealth
    46 | D        | Noticed a kobold demonologist
    47 | D        | Noticed a floating eye
    47 | D        | Noticed a kobold demonologist
    50 | D        | Noticed a red devil
    50 | D        | Killed a floating eye
    51 | D        | Reached skill level 20 in Stealth
    51 | D        | Reached XP level 7. HP: 37/37 MP: 8/8
    59 | D        | Noticed a chaos spawn
    60 | D        | Slain by a red devil

Illustrated notes

Levels and vault maps discovered:
D:        dungeon_sprint_1 [red_sonja_temple_1, red_sonja_temple_small_1]

Skill      XL: |  1  2  3  4  5  6 |
---------------+-------------------+-----
Fighting       | 2 3 |  3.9
Stealth        | 9 13 17 20 | 20.4
Short Blades   | 3 4 5 |  5.4
Throwing       | 3 |  3.2
Dodging        | 2 3 |  3.1

Action                     |  1- 3 |  4- 6 |  7- 9 || total
---------------------------+-------+-------+-------++-------
  Melee: Dagger            |     2 |     4 |    10 ||    16
    Use: Potion            |       |     1 |       ||     1
   Stab: Sleeping          |     2 |     2 |       ||     4
 Armour: Robe              |       |       |     1 ||     1
  Dodge: Dodged            |       |       |     6 ||     6

Table legend: (Time is in decaauts)
 A = Elapsed time spent in this place.
 B = Non-inter-level travel time spent in this place.
 C = Inter-level travel time spent in this place.
 D = Time resting spent in this place.
 E = Time spent auto-exploring this place.
 F = Levels seen in this place.
 G = Mean time per level.
                   A        B        C        D        E       F      G
               +--------+--------+--------+--------+--------+-----+--------+
         Total |     42 |     42 |      0 |      0 |      0 |   1 |   42.0 |
       Dungeon |     42 |     42 |      0 |      0 |      0 |   1 |   42.0 |
               +--------+--------+--------+--------+--------+-----+--------+

Top non-repeatable levels by time:
       D: 42 daAuts
